Cogmind - Beta 13 @@@ ROGUE MODE // 2024.04.23 @ 02:52:47 Player: Patryk Z Result: Destroyed by CL-ANK with CL-ANK's Mallet Performance ------------- Evolutions (1) 500 Regions Visited (6) 1200 Robots Destroyed (42) 210 Value Destroyed (870) 870 Prototype IDs (29) 580 Alien Tech Used (0) 0 Bonus (351) 351 TOTAL SCORE: 3711 Bonus ------- Follower Combat Kills 99 Aligned with FarCom 300 Friendly Fire -48 Cogmind --------- Core Integrity 0/400 Matter 2/300 Energy 99/280 System Corruption 10% Temperature Cool (0) Movement Core (1700) Ox33 Location -8/Mines Parts ------- > --- POWER (1) -------- Cooled Ion Engine > --- PROPULSION (3) --- (None) > --- UTILITY (3) ------ Huge Storage Unit > --- WEAPON (2) ------- Latent Energy Streamer Light Cannon > --- INVENTORY (25) --- Experimental Heat Sink Humpback High-capacity Matter Pod (0) Hardlight Generator Supersonic Drone Bay (1/1) AS-neutralizer No. 17b Light Cannon Improved Light Cannon Grenade Launcher Field Lobotomy Kit (5) Peak State ------------ > --- POWER ------------ Cooled Ion Engine > --- PROPULSION ------- Light Treads Light Treads Compact Wheel > --- UTILITY ---------- Huge Storage Unit Hardened Medium Armor Plating Hardlight Generator > --- WEAPON ----------- Latent Energy Streamer Field Lobotomy Kit > --- INVENTORY -------- Cooled Ion Engine Light Treads Light Treads Light Treads Light Treads Light Treads Light Treads High-capacity Matter Pod Light Armor Plating Light Armor Plating Light Armor Plating Medium Armor Plating Medium Armor Plating Hardened Medium Armor Plating Hardened Medium Armor Plating Hardened Medium Armor Plating Hardlight Generator Heavy Assault Rifle Light Cannon Light Cannon Improved Light Cannon Improved Light Cannon Improved Light Cannon Improved Light Cannon Grenade Launcher [Rating: 37] Favorites ----------- Power Cooled Ion Engine Engine Cooled Ion Engine Propulsion Light Treads Treads Light Treads Leg Aluminum Leg Wheel Compact Wheel Utility Hardened Medium Armor Plating Device Hardlight Generator Storage Large Storage Unit Protection Hardened Medium Armor Plating Weapon Improved Light Cannon Energy Gun Medium Laser Energy Cannon Latent Energy Streamer Ballistic Gun Heavy Assault Rifle Ballistic Cannon Improved Light Cannon Launcher Grenade Launcher Special Weapon Field Lobotomy Kit Build | -11 -10 -10 -9 -9 -9 -8 ------- Run | Yrd Mat Min Mat Min Exi Min Slots Evolved 2 | . . . 2 . . . Power . | . . . . . . . Propulsion 1 | . . . 1 . . . Utility 1 | . . . 1 . . . Weapon . | . . . . . . . Parts Attached 69 | 1 9 2 23 4 13 17 Power 5 | . 2 . 2 . . 1 Engine 5 | . 2 . 2 . . 1 Core . | . . . . . . . Reactor . | . . . . . . . Propulsion 28 | . 2 . 12 4 6 4 Treads 21 | . 2 . 9 2 4 4 Leg 1 | . . . . . 1 . Wheel 6 | . . . 3 2 1 . Hover . | . . . . . . . Flight . | . . . . . . . Utility 16 | . 1 2 4 . 1 8 Device 4 | . . 1 2 . 1 . Storage 2 | . 1 . 1 . . . Processor . | . . . . . . . Hackware . | . . . . . . . Protection 10 | . . 1 1 . . 8 Artifact . | . . . . . . . Weapon 20 | 1 4 . 5 . 6 4 Energy Gun 3 | 1 2 . . . . . Energy Cannon 2 | . . . . . 1 1 Ballistic Gun 1 | . . . . . . 1 Ballistic Cannon 11 | . 2 . 4 . 3 2 Launcher 2 | . . . 1 . 1 . Special Weapon 1 | . . . . . 1 . Impact Weapon . | . . . . . . . Slashing Weapon . | . . . . . . . Piercing Weapon . | . . . . . . . Special Melee Weapon . | . . . . . . . Unidentified Prototypes 4 | . . 1 1 . 2 . Parts Lost 21 | . 1 . . . 5 15 Power 2 | . 1 . . . 1 . Propulsion 7 | . . . . . 3 4 Utility 8 | . . . . . . 8 Weapon 4 | . . . . . 1 3 Highest Loss Streak 10 | . 1 . . . 2 10 To Critical Strikes 4 | . . . . . 2 2 Average Slot Usage (%) 92 | . 94 100 98 100 84 62 Engine 11 | . 14 14 10 11 9 4 Treads 24 | . 12 28 30 26 25 17 Leg 3 | . 15 . . . . . Wheel 3 | . . . 2 6 7 . Device 7 | . . . 10 11 8 . Storage 11 | . 14 14 11 11 11 11 Protection 10 | . 9 14 11 11 11 12 Energy Gun 2 | . 14 . . . . . Ballistic Cannon 16 | . 13 28 21 22 9 5 Naked Turns . | . . . . . . . Heaviest Build 119 | 12 32 32 109 109 119 116 Greatest Support 60 | 20 40 40 60 60 60 40 Greatest Overweight (x) 7 | . 1 . 6 6 7 5 Average Overweight (x) 2 | . . . 1 4 5 3 Largest Inventory Capacity 25 | 8 15 15 25 25 25 25 Average Capacity 19 | 8 14 15 17 25 25 25 Most Carried 25 | 6 15 15 22 25 25 25 Average Carried 18 | 6 11 14 16 22 24 19 Final Capacity 25 | 8 15 15 25 25 25 25 Final Carried 25 | 6 15 15 22 25 25 11 Class Distribution -------------------- 100% | Mutant Dominant Class ---------------- Mutant | -10/Materials Mutant | -10/Mines Mutant | -9/Materials Mutant | -9/Mines Mutant | -9/Exiles Mutant | -8/Mines Resources | -11 -10 -10 -9 -9 -9 -8 ----------- Run | Yrd Mat Min Mat Min Exi Min Matter Collected 1480 | 190 127 90 773 116 131 53 Remotely . | . . . . . . . Salvage Created 1173 | . 207 141 756 6 14 49 Parts 75 | . 11 5 57 . . 2 Haulers Intercepted 7 | . 2 . 5 . . . Recyclers Shooed 2 | . . . 2 . . . Parts Field Recycled . | . . . . . . . Retrieved Matter . | . . . . . . . Parts Self-Destructed . | . . . . . . . Prevented . | . . . . . . . Kills | -11 -10 -10 -9 -9 -9 -8 ------- Run | Yrd Mat Min Mat Min Exi Min Combat Hostiles Destroyed 32 | . 2 2 16 2 8 2 Melee 1 | . . . . . . 1 Cannons 23 | . . 2 16 2 3 . AOE 6 | . . . . . 5 1 Classes Destroyed 11 | . 3 2 4 1 . 1 Worker 1 | . . . 1 . . . Builder 1 | . . 1 . . . . Hauler 7 | . 2 . 5 . . . Recycler 3 | . . 1 2 . . . Operator 1 | . . . 1 . . . Watcher 6 | . 2 . 4 . . . Swarmer 7 | . . . 7 . . . Grunt 7 | . 2 2 2 . . 1 Duelist 1 | . . . . . . 1 Sentry 7 | . . . 7 . . . Assembled 9 | . . . . 2 7 . Best Kill Streak 7 | . 2 2 5 2 7 1 Combat Bots Only 7 | . 2 2 3 2 7 1 Max Kills in Single Turn 2 | . 1 2 2 1 2 1 Gunslinging . | . . . . . . . Exploded 2 | . . . . . 2 1 Melee 1 | . . . . . . 1 Uniques/NPCs Destroyed 1 | . . . . . 1 . 8R-AWN (-9/Exiles) Combat | -11 -10 -10 -9 -9 -9 -8 -------- Run | Yrd Mat Min Mat Min Exi Min Hostile Shots Fired 312 | . 23 14 60 9 107 99 Missed 100 | . 10 4 25 2 35 24 Damage Taken 4726 | . 272 130 269 76 1265 2714 Core 619 | . 66 16 28 . 204 305 Absorbed by Shields 408 | . . . 104 28 276 . Core Remaining (%) 83 | 100 . 67 . . . . Volleys Fired 145 | . 19 9 62 7 39 9 Largest 2 | . 2 2 2 2 2 2 Hottest 100 | . 100 70 78 78 78 60 Shots Fired 273 | . 38 18 121 14 72 10 Gun 32 | . 26 . . . . 6 Cannon 236 | . 12 18 119 14 69 4 Launcher 5 | . . . 2 . 3 . Special . | . . . . . . . Kinetic 238 | . 12 18 119 14 68 7 Thermal 26 | . 26 . . . . . Explosive 5 | . . . 2 . 3 . Electromagnetic 4 | . . . . . 1 3 Robot Hit Streak 20 | . 7 8 20 19 18 7 Robot Miss Streak 8 | . 1 1 8 7 3 1 Penetration Max . | . . . . . . . Secondary Targets . | . . . . . . . Shots Hit Robots 172 | . 27 12 69 5 50 9 Core Hits 84 | . 8 4 32 3 27 10 Critical Kills . | . . . . . . . Critical Parts Destroyed . | . . . . . . . Critical Strikes 13 | . 2 1 5 . 5 . Burn 1 | . 1 . . . . . Blast 12 | . 1 1 5 . 5 . Melee Attacks . | . . . . . . . Impact . | . . . . . . . Slashing . | . . . . . . . Piercing . | . . . . . . . Sneak Attacks . | . . . . . . . Combat Hostiles . | . . . . . . . Follow-up Attacks . | . . . . . . . Damage Inflicted 3947 | . 362 241 1509 102 1463 270 Guns 330 | . 250 . . . . 80 Cannons 2985 | . 105 236 1492 102 1019 31 Explosions 525 | . . . 7 . 415 103 Melee . | . . . . . . . Ramming 107 | . 7 5 10 . 29 56 Kinetic 3053 | . 105 236 1492 102 1019 99 Thermal 250 | . 250 . . . . . Explosive 413 | . . . 7 . 406 . Electromagnetic 124 | . . . . . 9 115 Impact . | . . . . . . . Slashing . | . . . . . . . Piercing . | . . . . . . . Highest Corruption 10 | . . . 3 3 6 10 Average Corruption 3 | . . . 3 3 4 6 Corruption Purged . | . . . . . . . Corruption Blocked . | . . . . . . . Effects 54 | . . . 21 3 25 5 Message Errors 15 | . . . 5 1 9 . Matter Fused 11 | . . . 6 . 5 . Heat Flow Errors 3 | . . . . . 1 2 Energy Discharges 7 | . . . 2 1 3 1 Data Loss (minor) 12 | . . . 7 1 2 2 Data Loss (major) 1 | . . . 1 . . . Misfires 1 | . . . . . 1 . Weapon Failures 4 | . . . . . 4 . Overload Shots . | . . . . . . . Overflow Damage 38 | . . . 38 . . . Projectiles 38 | . . . 38 . . . Explosions . | . . . . . . . Melee . | . . . . . . . Knockbacks 29 | . 2 2 13 1 10 1 Impact 2 | . . . . . 1 1 Kinetic 25 | . 2 2 11 1 9 . Secondary 2 | . . . 2 . . . Self-Inflicted Damage 67 | . . . . . . 67 Shots 3 | . . . . . . 3 Rammed 29 | . 2 2 2 . 5 18 Targets Rammed 30 | . 2 2 2 . 5 19 Kicked . | . . . . . . . Crushed 1 | . . . . . . 1 Highest Temperature 390 | . 390 156 252 108 210 185 Average Temperature 68 | . 121 72 48 48 69 59 Received Heat Transfer 711 | . 84 72 42 . . 513 Siege Activations . | . . . . . . . Robots Corrupted . | . . . . . . . Combat Hostiles . | . . . . . . . Parts Fried . | . . . . . . . Impact Corruptions 2 | . . . 1 . . 1 Robots Melted 2 | . 2 . . . . . Combat Hostiles 2 | . 2 . . . . . Parts Melted 4 | . 4 . . . . . Heat Transferred 814 | . 814 . . . . . Parts Sabotaged . | . . . . . . . Parts Stolen . | . . . . . . . Parts Stripped . | . . . . . . . Power Chain Reactions . | . . . . . . . Latent Energy Used 328 | . . . . . 200 128 LE Corruption 7 | . . . . . 3 4 Alert | -11 -10 -10 -9 -9 -9 -8 ------- Run | Yrd Mat Min Mat Min Exi Min Peak Influence 399 | . 116 60 399 140 . 45 Initial 122 | . . . 23 122 . . Average 150 | . 44 49 227 129 . 14 Maximum Alert Level 1 | . . . 1 . . . Low Security (%) 66 | 100 100 100 40 100 . 100 Level 1 33 | . . . 59 . . . Level 2 . | . . . . . . . Level 3 . | . . . . . . . Level 4 . | . . . . . . . Level 5 . | . . . . . . . High Security . | . . . . . . . Max Security . | . . . . . . . Squads Dispatched 2 | . . 1 1 . . . Investigation . | . . . . . . . Extermination . | . . . . . . . Reinforcement 1 | . . . 1 . . . Assault 1 | . . 1 . . . . Garrison . | . . . . . . . Intercept . | . . . . . . . Searches Triggered . | . . . . . . . Construction Impeded . | . . . . . . . Haulers Reinforced . | . . . . . . . Active Scanning Responses . | . . . . . . . Cargo Convoy Interrupts . | . . . . . . . Stealth | -11 -10 -10 -9 -9 -9 -8 --------- Run | Yrd Mat Min Mat Min Exi Min Distress Signals 4 | . 1 . 3 . . . Communications Jammed . | . . . . . . . Distress Signals . | . . . . . . . Times Spotted 62 | . 13 2 30 3 8 6 Peak Tracking Total 10 | . 5 2 5 2 10 4 Tactical Retreats 11 | . . . . . 10 1 Traps | -11 -10 -10 -9 -9 -9 -8 ------- Run | Yrd Mat Min Mat Min Exi Min Traps Triggered 4 | . 4 . . . . . Indirectly . | . . . . . . . Trap Hack Attempts . | . . . . . . . Triggered . | . . . . . . . Disarmed . | . . . . . . . Reprogrammed . | . . . . . . . Reused . | . . . . . . . Traps Extracted . | . . . . . . . Installed . | . . . . . . . Triggered . | . . . . . . . Machines | -11 -10 -10 -9 -9 -9 -8 ---------- Run | Yrd Mat Min Mat Min Exi Min Machines Disabled 5 | . . . 1 . 4 . Max in Single Turn 1 | . . . 1 . 1 . Machines Repaired . | . . . . . . . Machines Dismantled . | . . . . . . . Machines Sabotaged . | . . . . . . . Overloaded Fab Kills . | . . . . . . . Hacking | -11 -10 -10 -9 -9 -9 -8 --------- Run | Yrd Mat Min Mat Min Exi Min Machines Accessed 15 | . 7 . 7 . 1 . Terminals 10 | . 5 . 5 . . . Fabricators . | . . . . . . . Repair Stations 1 | . 1 . . . . . Recycling Units 2 | . 1 . 1 . . . Scanalyzers 1 | . . . 1 . . . Garrison Access . | . . . . . . . Total Hacks 50 | . 19 . 30 . 1 . Successful 25 | . 8 . 16 . 1 . Failed 23 | . 10 . 13 . . . Catastrophic 1 | . 1 . . . . . Database Lockouts 2 | . 1 . 1 . . . Manual 37 | . 16 . 20 . 1 . Terminals 34 | . 14 . 20 . . . Fabricators . | . . . . . . . Repair Stations 2 | . 2 . . . . . Recycling Units 8 | . 3 . 5 . . . Scanalyzers 5 | . . . 5 . . . Garrison Access . | . . . . . . . Terminal Hacks 10 | . 4 . 5 . 1 . Part Schematic 1 | . 1 . . . . . Robot Analysis 2 | . 1 . 1 . . . Prototype ID Bank 1 | . . . 1 . . . Branch Access Points 2 | . 1 . 1 . . . Hauler Manifests 2 | . 1 . 1 . . . Zone Layout 1 | . . . 1 . . . Derelict Proto ID Bank 1 | . . . . . 1 . Fabricator Hacks . | . . . . . . . Repair Station Hacks 1 | . 1 . . . . . Refit 1 | . 1 . . . . . Recycling Unit Hacks 2 | . . . 2 . . . Report Inventory 2 | . . . 2 . . . Scanalyzer 2 | . . . 2 . . . Insert Component 1 | . . . 1 . . . Analyze 1 | . . . 1 . . . Garrison Access Hacks . | . . . . . . . Unauthorized Hacks 10 | . 3 . 7 . . . Terminals 6 | . 1 . 5 . . . Track 1 | . . . 1 . . . Botnet 3 | . 1 . 2 . . . Disrupt 1 | . . . 1 . . . Operators 1 | . . . 1 . . . Fabricators . | . . . . . . . Repair Stations 1 | . 1 . . . . . Mechanics 1 | . 1 . . . . . Recycling Units 3 | . 1 . 2 . . . Reject 1 | . . . 1 . . . Recyclers 1 | . 1 . . . . . Mask 1 | . . . 1 . . . Scanalyzers . | . . . . . . . Garrison Access . | . . . . . . . Data Cores Recovered . | . . . . . . . Used . | . . . . . . . Hacking Detections 11 | . 6 . 5 . . . Full Trace Events . | . . . . . . . Feedback Events . | . . . . . . . Feedback Blocked . | . . . . . . . Robot Schematics Acquired . | . . . . . . . Robots Built . | . . . . . . . Authchips . | . . . . . . . Time . | . . . . . . . Total Robot Build Rating . | . . . . . . . Part Schematics Acquired 2 | . 1 . 1 . . . Parts Built . | . . . . . . . Authchips . | . . . . . . . Time . | . . . . . . . Total Part Build Rating . | . . . . . . . Parts Repaired . | . . . . . . . Time . | . . . . . . . Parts Recycled . | . . . . . . . Recycled Matter . | . . . . . . . Retrieved Matter . | . . . . . . . Retrieved Components . | . . . . . . . Parts Scanalyzed 1 | . . . 1 . . . Part Schematics Acquired 1 | . . . 1 . . . Parts Damaged 1 | . . . 1 . . . Bothacking | -11 -10 -10 -9 -9 -9 -8 ------------ Run | Yrd Mat Min Mat Min Exi Min Used RIF Installer . | . . . . . . . Robots Hacked . | . . . . . . . Non-combat . | . . . . . . . Combat . | . . . . . . . Robot Hacks Applied . | . . . . . . . Relay Couplers Released . | . . . . . . . Fabnet Peak Effective % . | . . . . . . . Robots Rewired . | . . . . . . . Allies Hacked . | . . . . . . . Hacks Repelled . | . . . . . . . Allies | -11 -10 -10 -9 -9 -9 -8 -------- Run | Yrd Mat Min Mat Min Exi Min Total Allies 1 | . . 1 . . . . Largest Group 1 | . . 1 1 . . . Highest-Rated Group 31 | . . 31 31 . . . Highest-Rated Ally 31 | . . 31 31 . . . Total Orders . | . . . . . . . Ally Attacks 23 | . . . 23 . . . Total Damage 353 | . . . 353 . . . Kills 6 | . . . 6 . . . Allies Corrupted . | . . . . . . . Allies Melted . | . . . . . . . Intel | -11 -10 -10 -9 -9 -9 -8 ------- Run | Yrd Mat Min Mat Min Exi Min Robot Analysis Total 2 | . 1 . 1 . . . Derelict Logs Recovered 1 | . . . . 1 . . Drone Launches . | . . . . . . . Drone Recoveries . | . . . . . . . Exploration | -11 -10 -10 -9 -9 -9 -8 ------------- Run | Yrd Mat Min Mat Min Exi Min Turns Passed 3992 | 2 803 126 1620 169 1120 152 Spaces Moved 1736 | 1 371 51 770 68 463 12 Core . | . . . . . . . Treads 968 | . 198 51 592 16 99 12 Legs 174 | 1 173 . . . . . Wheels 594 | . . . 178 52 364 . Hover . | . . . . . . . Flight . | . . . . . . . Fastest Speed 120 | 120 120 160 160 190 190 320 Average Speed 180 | 120 170 160 166 201 203 420 Slowest Speed 560 | 120 190 160 190 240 320 560 Overloaded Moves . | . . . . . . . Propulsion Burnouts . | . . . . . . . Robots Hopped . | . . . . . . . Cave-ins Triggered . | . . . . . . . Exploration Rate (%) 40 | 2 73 12 72 19 90 12 Regions Visited 6 Branch Regions 4 Pre-discovered Areas . | . . . . . . . Known Exits Taken 2 | . 1 . 1 . . . Unknown Exits Taken 4 | 1 . 1 . 1 1 . Scrap Searched . | . . . . . . . Spaces Dug . | . . . . . . . Terrain Destroyed 30 | . . . 21 3 6 . Melee . | . . . . . . . Projectile 9 | . . . 5 3 1 . AOE 21 | . . . 16 . 5 . Terrain Rammed . | . . . . . . . Walls Destroyed . | . . . . . . . Machines Disabled . | . . . . . . . Actions | -11 -10 -10 -9 -9 -9 -8 --------- Run | Yrd Mat Min Mat Min Exi Min Total 2282 | 1 507 77 989 84 563 61 Wait 209 | . 75 11 91 3 26 3 Move 1730 | . 370 50 769 67 462 12 Hop . | . . . . . . . Pick Up 44 | . 17 . 18 3 6 . Fast Attach 15 | . 2 2 5 . 4 2 Attach 26 | . 6 . 1 . 5 14 Detach 9 | . 4 1 . . 4 . Swap 28 | 1 1 . 17 4 4 1 Drop 46 | . 11 2 24 . 8 1 Fire 145 | . 19 9 62 7 39 9 Melee . | . . . . . . . Ram . | . . . . . . . Kick . | . . . . . . . Crush 30 | . 2 2 2 . 5 19 Escape Stasis . | . . . . . . . Rewire . | . . . . . . . Trap . | . . . . . . . Miscellaneous . | . . . . . . . Route ------- -11/Scrapyard -10/Materials (discovered 3 exits: *Mat x2 / *Min) -10/Mines -9/Materials (discovered 4 exits: [*Mat x2] / *Min x2) -9/Mines -9/Exiles -8/Mines History --------- Turn | Location | Event 3 | -11/Scrapyard | Discovered new exit (range 0) 3 | -11/Scrapyard | Entered Materials 316 | -10/Materials | Build established: Mutant 387 | -10/Materials | Discovered new exit (range 16) 574 | -10/Materials | Central database locked down 725 | -10/Materials | Discovered new exit (range 16) 781 | -10/Materials | Identified exit to Mines 806 | -10/Materials | Entered Mines 871 | -10/Mines | Met a Derelict bent on vengeance 901 | -10/Mines | Found a damaged Exp. Sensor Array with a note attached 905 | -10/Mines | Found Prototype Device 905 | -10/Mines | Identified Exp. Sensor Array 917 | -10/Mines | Discovered new exit (range 5) 918 | -10/Mines | Met a Derelict testing a Signal Generator 932 | -10/Mines | Entered Materials 932 | -9/Materials | Accompanied by 1 ally 932 | -9/Materials | Evolved 2 slots: Propulsion x1, Utility x1 1187 | -9/Materials | Central database locked down 1380 | -9/Materials | Discovered new exit (range 14) 1612 | -9/Materials | Identified exit to Mines 1961 | -9/Materials | Discovered new exit (range 16) 2552 | -9/Materials | Entered Mines 2561 | -9/Mines | Assembled infested the area 2654 | -9/Mines | Joined a pair of Derelicts in attacking an 0b10 outpost 2713 | -9/Mines | Deemed a non-threat by the Exiles lab entrance 2713 | -9/Mines | Discovered new exit (range 5) 2721 | -9/Mines | Entered Exiles 2771 | -9/Exiles | Met 8R-AWN 2801 | -9/Exiles | Met EX-HEX 2894 | -9/Exiles | Met EX-DEC 2922 | -9/Exiles | Visited The Gauntlet 3176 | -9/Exiles | Met EX-BIN 3200 | -9/Exiles | Aligned with FarCom system 3202 | -9/Exiles | Given EX-Vault access code 3246 | -9/Exiles | Opened EX-Vault 3259 | -9/Exiles | Found Field Lobotomy Kit 3270 | -9/Exiles | Found Latent Energy Streamer 3283 | -9/Exiles | Found Supersonic Drone Bay 3322 | -9/Exiles | Warned to stay clear of 0b10 Research branches 3356 | -9/Exiles | Attacked by the Exiles 3398 | -9/Exiles | Destroyed 7 combat bots 3493 | -9/Exiles | Core integrity fell below 50% 3616 | -9/Exiles | Destroyed 8R-AWN 3628 | -9/Exiles | Found Prototype Device 3628 | -9/Exiles | Identified AS-neutralizer No. 17b 3821 | -9/Exiles | Discovered new exit (range 10) 3841 | -9/Exiles | Stole three prototypes: Supersonic Drone Bay, Latent Energy Streamer, Field Lobotomy Kit 3841 | -9/Exiles | Entered Mines 3903 | -8/Mines | Core integrity fell below 20% 3908 | -8/Mines | Lost 3 parts (1u2w) 3943 | -8/Mines | CL-ANK came to Exiles' defense 3982 | -8/Mines | System corruption reached 10% 3993 | -8/Mines | Destroyed by CL-ANK with CL-ANK's Mallet Last Messages --------------- 03972_ Critical hit (Smash). 03972_ Lgt. Treads destroyed. 03972_ Med. Armor Plating destroyed. 03973_ U-05 Engineer lays Concrete. 03973_ Acquired Arm. Treads. 03974_ U-05 Engineer lays Concrete. 03974_ Critical hit (Smash). 03975_ Hrd. Medium Armor Plating destroyed. 03978_ Critical hit (Smash). 03984_ Hrd. Medium Armor Plating destroyed. 03985_ System corrupted: Energy discharge (-17). 03986_ Critical hit (Smash). 03986_ Arm. Treads destroyed. 03986_ Hrd. Medium Armor Plating destroyed. 03987_ Hvy. Assault Rifle destroyed. 03987_ Lgt. Armor Plating destroyed. 03989_ Critical hit (Smash). 03990_ Lgt. Armor Plating destroyed. 03992_ Critical hit (Smash). 03992_ Lgt. Armor Plating destroyed. Map ----- +----------------------------------------------------+ | ??????????????????????????????? | | ??????????????????????????????? | | ??????????????????????????????? | | ??????????????????????????????? | | ??????????????????????????????? | | ??????????????????????????????? | | ??????????????????????????????? | | ??????????????????????????????? | | ??????????????????????????????? | | ???? ??????????????????????? | | ??# ?????????????????????? | | ??# ?????????????????????? | | ??? ?????????????????????? | | ??? ?????????????????????? | | ???? ?????????????????????? | | ???? ?????????????????????? | | ????? #?????????????????????? | | ????? #??????##?????????????? | | ?????# #????? ##????????????? | | ?????# #????? ##??? ## #??? | | ?????# #????? ## #?? | | ????## ###### ?? | | ????# ! [ r #??????? | | ????# #??????? | | ???## #### #??????? | | ???# @b##??# #??????? | | ???# #???## #?????? | | ???# !#?????# ## #?????? | | ???# #??????# ##??# #?????? | | ???# =#?????? #?????#?????? | | ???# #????? #???????????? | | ???## ????? #???????????? | | ????### ##????##???????????? | | ??????# ####??????????????????? | | ??????? #?????????????????????? | | ??????? #?????????????????????? | | ??????? #?????????????????????? | | ??????? #?????????????????????? | | ??????? ??????????????????????? | | ??????? ??????????????????????? | | ??????? ??????????????????????? | | ??????????????????????????????? | | ??????????????????????????????? | | ??????????????????????????????? | | ??????????????????????????????? | | ??????????????????????????????? | | ??????????????????????????????? | | ??????????????????????????????? | | ??????????????????????????????? | | ??????????????????????????????? | +----------------------------------------------------+ Best States ------------- Heat Dissipation 28 Energy Generation 14 Energy Capacity 280 Matter Stores 300 Matter Capacity 300 Sight Range 16 Terrain Scan Density 10 Armor Coverage 450 Evasion (%) 55 Recoil Reduction 3 Item Schematics ----------------- Huge Storage Unit | -10/Materials | Hacked Exp. Sensor Array | -9/Materials | Scanalyzed Robot Schematics ------------------ None Fabricated ------------ Nothing Alien Tech Used ----------------- None Achievements -------------- None Challenges ------------ None Game ------ Seed MetaTachyonDeconstructor Manual? 0 Play Time 00:53:08 Cumulative 81.4 hours Start 2024.04.22 @ 01:07:08 End 2024.04.23 @ 02:52:47 Sessions 4 Manual Loads 0 Difficulty Rogue Special Mode None Game No. 43 Rogue 43 Adventurer 0 Explorer 0 Win Type - Total 4 Types 4/0/0/0/0/0/0/0/0 Lore% 43 Gallery% 43 Achievement% 42 Wizard Run 0 Options --------- Layout 0 ASCII 0 Keyboard 0 Movement Numpad Keybinds 0 Fullscreen 2 Font 18/SmallcapsGlow Map View 38x25 Zoom Use 73% Tactical HUD 1 Map Filters NONE Filters NONE Steam 1 RUN: 12e0df6e-b333-48bd-a8ba-ed08134fd70b